 Dungeon Crawl Stone Soup version 0.17-a0-1830-g81820eb (webtiles) character file.

7537 Medar the Transmogrifier (level 11, -2/67 HPs)
             Began as an Octopode Transmuter on Sept 13, 2015.
             Was a Believer of Vehumet.
             Slain by an unseen horror (5 damage)
             ... on level 10 of the Dungeon.
             The game lasted 00:40:51 (13527 turns).

Medar the Transmogrifier (Octopode Transmuter)     Turns: 13527, Time: 00:40:51

Health: -2/67      AC:  6    Str:  9    XL:     11   Next: 16%
Magic:  27/27      EV: 14    Int: 19    God:    Vehumet [**....]
Gold:   520        SH:  7    Dex: 18    Spells: 7 memorised, 2 levels left

rFire  + . .     SeeInvis .     a - +7 Singing Sword
rCold  . . .     Clarity  .     o - +2 buckler
rNeg   . . .     SustAt   .     (helmet restricted)
rPois  .         Gourm    +     H - amulet of the gourmand
rElec  .         Spirit   .     i - +5 ring of dexterity
rCorr  .         Warding  .     x - ring of stealth
rMut   .         Stasis   .     D - +5 ring of protection
MR     .....                    L - ring of protection from fire
Stlth  +++++.....               P - ring of stealth
                                X - ring of magical power
                                (no ring)
                                (no ring)

@: not resistant to hostile enchantments, quite stealthy
A: almost no armour, amphibious, 8 rings, constrict 8, camouflage 1, gelatinous
body 1, no device heal 1
a: Renounce Religion


You were on level 10 of the Dungeon.
You worshipped Vehumet.
Vehumet was pleased with you.
You were full.

You visited 3 branches of the dungeon, and saw 12 of its levels.

You collected 742 gold pieces.
You spent 222 gold pieces at shops.

Inventory:

Hand weapons
 a - the +7 Singing Sword (weapon)
   (You found it on level 8 of the Dungeon)
Missiles
 h - 48 poisoned needles
 J - 6 tomahawks (quivered)
 N - a throwing net {=f =F}
 T - 213 arrows
Armour
 o - a +2 buckler (worn)
Magical staves
 M - an uncursed staff of poison {!a}
Jewellery
 i - a +5 ring of dexterity (left tentacle)
 x - a ring of stealth (right tentacle)
 D - a +5 ring of protection (on tentacle)
 H - an amulet of the gourmand (around mantle)
 L - a ring of protection from fire (on tentacle)
 P - a ring of stealth (on tentacle)
 X - a ring of magical power (on tentacle)
Magical devices
 Q - a wand of digging (3)
 R - a wand of frost (31)
Scrolls
 e - 4 scrolls of remove curse {@r1}
 f - 3 scrolls of immolation
 g - 3 scrolls of enchant weapon
 j - a scroll of noise {unknown}
 q - 5 scrolls of amnesia
 y - a scroll of silence {unknown}
 C - a scroll of random uselessness
 E - a scroll of blinking {unknown}
 O - a scroll of fog {unknown}
Potions
 d - a potion of cancellation
 k - 2 potions of brilliance
 u - a potion of curing {@q1}
 z - a potion of flight
 B - a potion of haste {unknown}
 F - 2 potions of agility
 S - a potion of resistance
 V - a potion of might
Miscellaneous
 U - a stone of tremors
Comestibles
 b - a meat ration {@e2}
 c - 7 bread rations {@e1}


   Skills:
 + Level 3.1 Fighting
 + Level 7.6 Long Blades
 - Level 3.7 Dodging
 - Level 2.4 Stealth
 - Level 4.2 Shields
 - Level 3.6 Unarmed Combat
 - Level 5.1 Spellcasting
 - Level 6.0 Conjurations
 - Level 9.0 Transmutations
 - Level 5.7 Ice Magic
 - Level 1.3 Poison Magic


You had 2 spell levels left.
You knew the following spells:

 Your Spells              Type           Power        Failure   Level  Hunger
c - Magic Dart            Conj           ####         1%          1    None
d - Sticks to Snakes      Trmt           #####.....   1%          2    #......
f - Spider Form           Trmt/Pois      ###.......   6%          3    ##.....
g - Ice Form              Ice/Trmt       ####....     8%          4    ####...
h - Blade Hands           Trmt           #####.....   12%         5    ######.
s - Beastly Appendage     Trmt           #####.       1%          1    None
x - Throw Frost           Conj/Ice       ####..       1%          2    #......


Dungeon Overview and Level Annotations

Branches:
Dungeon (10/15)            Temple (1/1) D:5            Lair (1/8) D:10
    Orc (0/4) D:9

Altars:
Ashenzari
Cheibriados
Dithmenos
Elyvilon
Fedhas
Gozag
Kikubaaqudgha
Makhleb
Nemelex Xobeh
Okawaru
Qazlal
Ru
Sif Muna
Trog
Vehumet
Xom
Yredelemnul
Zin
The Shining One

Shops:
D:6 [*

Annotations:
D:10 KambridgeKobold's ghost, experienced MiFi
Lair:1 exclusion: black mamba


Innate Abilities, Weirdness & Mutations

You cannot wear most types of armour.
You are amphibious.
You can wear up to eight rings at the same time.
You can use your tentacles to constrict eight enemies at once.
Your skin changes colour to match your surroundings (Stealth).
Your rubbery body absorbs attacks (AC +1).
Potions and wands are less effective at restoring your health.


Message History

Really quaff
A - a potion of mutation {!q}?
You feel extremely strange.
Your natural healing is weakened.
Your natural healing is strengthened.
Your system partially rejects artificial healing.
Something hits you.
* * * LOW HITPOINT WARNING * * *
Drink which item? (? for menu, Esc to quit)
Okay, then.
Read which item? (? for menu, Esc to quit)
Okay, then.
Unknown command.
Something hits you but does no damage. You block its attack.
Something hits you.
* * * LOW HITPOINT WARNING * * *
Something barely misses you. Something hits you.
* * * LOW HITPOINT WARNING * * *
Something hits you but does no damage. Something hits you.
You die...

######.......P.###.....# ##
###### ##.P...P....#.###.#####
.....# #....P.........>.......
..##.# ##...P..P.P.....#####.##
##.#.# ###.........P.....#####.##
#.#.###..[.P..P...PPP...##.##...
##.#.##....P.P....PPPP...#.#.#...
..##.##.#...P.PP......P...###....
####.#....PPP.PP@PPP..P.P..#.....
#......P..P.P>P....P..##.#....
###...P.P..PPP.....P.P##.###.#
##.#....P..PP........#.# #.#
#.....PPP.P..PPP......# #.#
##.#..PPP..P.PPP..###.###.#
#.#...PP...P...P.# #......
#.##P).P.)..PP..## #####.# #.
#......P.....# #.#


There were no monsters in sight!

Vanquished Creatures
  2 hill giants
  A spiny frog (Lair:1)
  A gargoyle (D:10)
  A komodo dragon (Lair:1)
  A hungry ghost (D:9)
  2 hippogriffs
  Eustachio (D:4)
  A yak (D:10)
  2 orc warriors
  2 porcupines (Lair:1)
  A water moccasin (D:8)
  A black bear (D:6)
  A necrophage (D:8)
  A wasp (D:9)
  3 sky beasts
  A phantom (D:10)
  7 centaurs
  An ice beast (D:6)
  5 ogres
  Blork the orc (D:6)
  8 giant frogs
  A wyvern skeleton (D:8)
  6 scorpions
  5 killer bees (D:9)
  A centaur zombie (D:6)
  7 crimson imps
  7 hounds
  4 wights (D:7)
  3 giant frog zombies
  A jelly (D:7)
  2 centaur skeletons
  7 worker ants
  5 orc priests
  2 iguanas
  6 orc wizards
  A hound skeleton (D:5)
  17 adders
  6 gnolls
  A river rat (D:10)
  A shadow imp (D:9)
  An ooze (D:1)
  2 worms
  An adder skeleton (D:5)
  7 giant geckos
  21 orcs
  A ball python (D:4)
  7 giant cockroaches
  11 goblins
  3 hobgoblins
  5 quokkas
  21 bats
  10 giant newts
  10 jackals
  6 kobolds
  16 rats
  2 fungi (D:10)
  A plant (D:10)
252 creatures vanquished.

Vanquished Creatures (collateral kills)
  A spiny frog (Lair:1)
1 creature vanquished.

Vanquished Creatures (others)
  23 fungi (D:10)
  11 plants (D:10)
34 creatures vanquished.

Grand Total: 287 creatures vanquished

Notes
Turn   | Place    | Note
--------------------------------------------------------------
     0 | D:1      | Medar the Octopode Transmuter began the quest for the Orb.
     0 | D:1      | Reached XP level 1. HP: 13/13 MP: 3/3
   174 | D:1      | Reached XP level 2. HP: 9/18 MP: 1/5
   797 | D:1      | Learned a level 2 spell: Sticks to Snakes
   927 | D:1      | Reached XP level 3. HP: 23/23 MP: 2/6
  1290 | D:1      | Learned a level 3 spell: Spider Form
  1637 | D:2      | Reached skill level 1 in Poison Magic
  1637 | D:2      | Reached XP level 4. HP: 25/28 MP: 7/7
  1792 | D:2      | Reached skill level 1 in Shields
  2546 | D:3      | Reached XP level 5. HP: 27/33 MP: 4/8
  3046 | D:3      | Reached skill level 4 in Shields
  3046 | D:3      | Reached XP level 6. HP: 35/38 MP: 6/9
  3194 | D:3      | Found a glowing silver altar of Zin.
  3194 | D:3      | Found a shimmering altar of Xom.
  3205 | D:3      | Found a glowing golden altar of the Shining One.
  3205 | D:3      | Found a deep blue altar of Sif Muna.
  3205 | D:3      | Found a snail-covered altar of Cheibriados.
  3206 | D:3      | Found a sparkling altar of Nemelex Xobeh.
  3207 | D:3      | Found a bloodstained altar of Trog.
  3208 | D:3      | Found a basalt altar of Yredelemnul.
  4545 | D:4      | Noticed Eustachio
  4561 | D:4      | Killed Eustachio
  4561 | D:4      | Reached XP level 7. HP: 36/43 MP: 7/10
  4787 | D:5      | Entered Level 5 of the Dungeon
  4851 | D:5      | Reached skill level 5 in Transmutations
  5156 | D:5      | Learned a level 4 spell: Ice Form
  5334 | D:5      | Found a staircase to the Ecumenical Temple.
  5344 | Temple   | Entered the Ecumenical Temple
  5410 | Temple   | Became a worshipper of Vehumet
  5465 | D:5      | Reached skill level 1 in Ice Magic
  5474 | D:5      | Found a snail-covered altar of Cheibriados.
  5710 | D:6      | Found Jeminom's Assorted Antiques.
  5721 | D:6      | Bought an onyx ring for 125 gold pieces
  5723 | D:6      | Found Met Dant's Antique Armour Emporium.
  5814 | D:6      | Reached XP level 8. HP: 42/48 MP: 8/12
  5959 | D:6      | Found an opulent altar of Gozag.
  5990 | D:6      | Found an ancient bone altar of Kikubaaqudgha.
  6228 | D:6      | Reached skill level 6 in Transmutations
  6282 | D:6      | Noticed Blork the orc
  6404 | D:6      | Reached skill level 7 in Transmutations
  6902 | D:6      | Reached skill level 8 in Transmutations
  7447 | D:6      | Found an ancient bone altar of Kikubaaqudgha.
  7503 | D:6      | Found an opulent altar of Gozag.
  7508 | D:6      | Killed Blork the orc
  7529 | D:6      | Bought a scroll labeled QEAMPEALES for 25 gold pieces
  7529 | D:6      | Bought a fuming golden potion for 22 gold pieces
  7529 | D:6      | Bought a scroll labeled QEAMPEALES for 25 gold pieces
  7529 | D:6      | Bought a scroll labeled QEAMPEALES for 25 gold pieces
  7840 | D:7      | Reached skill level 9 in Transmutations
  7840 | D:7      | Reached XP level 9. HP: 53/53 MP: 8/13
  8068 | D:7      | Found an iron altar of Okawaru.
  8245 | D:7      | Noticed a brown ugly thing
  8289 | D:7      | Acquired Vehumet's first power
  8289 | D:7      | Offered knowledge of Magic Dart by Vehumet.
  8294 | D:7      | Reached skill level 5 in Spellcasting
  8320 | D:7      | Learned a level 5 spell: Blade Hands
  8322 | D:7      | Learned a level 1 spell: Magic Dart
  8390 | D:7      | Found a shadowy altar of Dithmenos.
  8413 | D:7      | Reached skill level 1 in Conjurations
  9225 | D:8      | Reached skill level 5 in Conjurations
  9788 | D:8      | Reached XP level 10. HP: 54/58 MP: 14/17
 10003 | D:8      | Reached skill level 1 in Long Blades
 10147 | D:9      | Noticed a hill giant
 10488 | D:9      | Killed a hill giant
 10999 | D:9      | Reached skill level 5 in Long Blades
 11007 | D:9      | Offered knowledge of Throw Frost by Vehumet.
 11017 | D:9      | Learned a level 2 spell: Throw Frost
 11334 | D:9      | Found a staircase to the Orcish Mines.
 11380 | D:10     | Entered Level 10 of the Dungeon
 11383 | D:10     | Noticed KambridgeKobold's ghost (experienced MiFi)
 11761 | D:10     | Found a staircase to the Lair.
 11916 | D:10     | Noticed a hill giant
 11924 | D:10     | Reached skill level 5 in Ice Magic
 12304 | D:10     | Killed a hill giant
 12652 | Lair:1   | Entered Level 1 of the Lair of Beasts
 12683 | Lair:1   | Reached XP level 11. HP: 42/64 MP: 18/18
 13410 | Lair:1   | Noticed a black mamba
 13519 | D:10     | HP: 3/67 [something (7)]
 13521 | D:10     | Gained mutation: You heal slowly when monsters are visible. [potion of mutation]
 13521 | D:10     | Lost mutation: You heal slowly when monsters are visible. [potion of mutation]
 13521 | D:10     | Gained mutation: Potions and wands are less effective at restoring your health. [potion of mutation]
 13525 | D:10     | HP: 2/67 [something (3)]
 13527 | D:10     | Slain by an unseen horror

Vault maps used:
D:1:      matt_arrival_los_fun, hex_medium, grunt_decor_mini_mirrors
D:2:      first_bread
D:3:      minitemple
D:4:      minmay_statues_item, hangedman_decor_push, kennysheep_generic_room_15,
          uniq_eustachio
D:5:      temple_green, cheibriados_altar_1
D:6:      kiku_gazebo_garden_becter, serial_shops, nicolae_shop_crystal,
          nicolae_shop_crystal, grunt_gozag_statues, uniq_blork_the_orc
D:7:      nicolae_overflow_hidden_temple, basic_altar, minivault_27
D:8:      old_forge
D:9:      orc_0_dummy
D:10:     due_lair_maze_entry_diamond
Temple:   dpeg_three_leaves_temple_9

Action                   |  1- 3 |  4- 6 |  7- 9 | 10-12 || total
-------------------------+-------+-------+-------+-------++-------
Melee: Unarmed           |    83 |   153 |   365 |    68 ||   669
       Double sword      |       |       |       |   103 ||   103
 Cast: Beastly Appendage |    25 |    13 |     8 |       ||    46
       Sticks to Snakes  |     1 |     3 |     2 |    11 ||    17
       Spider Form       |       |     8 |    16 |     1 ||    25
       Ice Form          |       |       |    11 |     7 ||    18
       Magic Dart        |       |       |     4 |     2 ||     6
       Blade Hands       |       |       |     1 |       ||     1
       Throw Frost       |       |       |       |     6 ||     6
 Abil: End Transformatio |       |       |     2 |     3 ||     5
Evoke: Wand              |       |       |       |     2 ||     2
  Use: Scroll            |     1 |     5 |     5 |    10 ||    21
       Potion            |       |       |     1 |     8 ||     9
 Stab: Sleeping          |     6 |     8 |    14 |     4 ||    32
       Distracted        |     1 |       |     1 |     1 ||     3
  Eat: Chunk             |     3 |    11 |    32 |    18 ||    64
